Map: Orbital Depot

Players

aru

  • Race: Protoss Protoss
  • Spawn Location: 1:00

Kogane

  • Race: Terran Terran
  • Spawn Location: 3:00

Thorgalcz

  • Race: Protoss Protoss
  • Spawn Location: 3:00

Loken - Winner!

  • Race: Zerg Zerg
  • League: Platinum
  • Spawn Location: 7:00

Myran - Winner!

  • Race: Protoss Protoss
  • Spawn Location: 9:00

dallaskuken - Winner!

  • Race: Protoss Protoss
  • League: Platinum
  • Spawn Location: 9:00

VOD

Have the link to the VOD?

Description

Time

  • Played on: April 5, 2017, 4:54 p.m.
  • Length: 11:42
Show
View Real Time Build Order
Export as new Build Order

aru Protoss 

Build Orders: Zealot Archon 

Get SALT Encoding   

  12  0:02  Probe (Chrono Boost)  
  13  0:12  Probe (Chrono Boost)  
  14  0:22  Pylon  
  14  0:23  Probe (Chrono Boost)  
  15  0:40  Probe (Chrono Boost)  
  16  0:45  Gateway  
  16  0:46  Pylon  
  16  0:49  Gateway  
  16  0:54  Assimilator  
  16  1:01  Assimilator  
  16  1:08  Probe (Chrono Boost)  
  17  1:13  Gateway  
  17  1:15  Pylon  
  17  1:21  Gateway  
  17  1:34  Pylon  
  17  1:44  Probe (Chrono Boost)  
  18  1:50  Cybernetics Core  
  18  1:55  Probe (Chrono Boost)  
  18  2:00  Zealot  
  21  2:02  Zealot x2  
  21  2:05  Probe (Chrono Boost)  
  26  2:13  Warp Gate  
  26  2:16  Zealot  
  28  2:35  Robotics Facility  
  28  2:42  Sentry  
  30  2:44  Zealot  
  32  3:09  Twilight Council  
  32  3:15  Nexus  
  32  3:25  Pylon  
  31  3:37  Zealot x3  
  31  3:38  Zealot  
  39  3:56  Forge  
  39  3:58  Probe (Chrono Boost)  
  40  4:04  Pylon  
  40  4:26  Stalker x3  
  40  4:27  Stalker  
  44  4:42  Probe (Chrono Boost)  
  45  4:46  Dark Shrine  
  45  5:07  Stalker  
  45  5:08  Stalker x3  
  53  5:29  Nexus  
  53  5:36  Stalker  
  53  5:39  Archon  
  46  6:07  Dark Templar x3  
  52  6:25  Dark Templar  
  30  6:43  Dark Templar  
  30  6:44  Dark Templar  
  32  6:59  Pylon  
  32  7:10  Pylon  
  32  7:13  Pylon  
  22  7:40  Pylon  
  22  7:50  Nexus  
  22  7:58  Assimilator  
  22  8:02  Assimilator  
  22  8:04  Pylon  
  22  8:06  Pylon  
  22  8:09  Pylon  
  22  8:12  Pylon  
  22  8:30  Gateway  
  22  8:32  Gateway  
  21  8:34  Gateway, Probe (Chrono Boost)  
  21  8:35  Gateway  
  21  8:46  Pylon, Probe (Chrono Boost)  
  22  9:00  Dark Templar  
  24  9:04  Probe (Chrono Boost)  
  23  9:35  Stalker x4  
  31  9:46  Stalker  
  31  9:47  Stalker  
  35  9:57  Stalker  
  33  10:18  Dark Templar x2  
  33  10:19  Dark Templar  
  27  10:32  Stalker x2  
  27  10:57  Pylon  
  27  11:02  Dark Templar x2  
  19  11:31  Stalker  
  19  11:32  Stalker  
Show
View Real Time Build Order
Export as new Build Order

Kogane Terran 

Build Orders:  

Get SALT Encoding   

  12  0:12  SCV  
  13  0:24  SCV  
  14  0:35  Supply Depot  
  14  0:36  SCV  
  15  0:45  Refinery  
  15  0:47  Refinery  
  15  0:57  SCV  
  15  1:00  Barracks  
  16  1:18  SCV  
  17  1:30  SCV  
  18  1:42  SCV  
  19  1:50  Factory  
  19  1:55  SCV  
  19  1:59  Factory  
  20  2:04  Barracks Tech Lab  
  20  2:08  Supply Depot  
  20  2:09  SCV  
  21  2:21  SCV  
  22  2:33  SCV  
  22  2:36  Barracks Tech Lab  
  23  2:41  Siege Tank  
  26  2:45  Supply Depot  
  26  3:07  Siege Tank  
  29  3:22  Siege Tank  
  32  3:30  Supply Depot  
  32  3:53  Starport  
  32  3:58  Siege Tank  
  35  4:20  Command Center  
  35  4:56  Widow Mine x2  
  39  5:03  Command Center  
  38  5:26  Starport Reactor  
  38  5:35  Supply Depot  
  32  6:01  Liberator x2  
  32  6:14  Cyclone x2  
  44  6:44  Liberator x2  
  44  6:59  Cyclone  
  53  8:10  Orbital Command  
  53  8:11  Cyclone  
  53  8:12  Cyclone  
  52  9:14  Liberator  
  52  9:17  Widow Mine  
  54  9:24  Widow Mine  
  56  9:32  Engineering Bay  
  53  9:43  Command Center  
  44  9:45  Widow Mine  
  43  9:53  Widow Mine  
  44  10:00  Armory  
  44  10:14  Widow Mine  
  46  10:21  Widow Mine  
  48  10:42  Widow Mine  
  46  10:50  Widow Mine  
  33  11:11  Widow Mine  
Show
View Real Time Build Order
Export as new Build Order

Thorgalcz Protoss 

Build Orders:  

Get SALT Encoding   

  12  0:04  Probe (Chrono Boost)  
  13  0:15  Probe (Chrono Boost)  
  14  0:26  Probe (Chrono Boost)  
  15  0:37  Pylon  
  15  0:50  Pylon  
  15  0:55  Probe (Chrono Boost)  
  16  1:06  Probe (Chrono Boost)  
  16  1:08  Forge  
  17  1:32  Gateway  
  17  1:50  Assimilator  
  17  1:52  Assimilator  
  17  1:55  Probe (Chrono Boost)  
  18  2:06  Probe (Chrono Boost)  
  18  2:08  Photon Cannon  
  19  2:10  Photon Cannon  
  19  2:15  Photon Cannon  
  19  2:21  Photon Cannon  
  19  2:31  Cybernetics Core  
  19  2:38  Pylon  
  19  2:48  Probe (Chrono Boost)  
  19  2:51  Pylon  
  20  2:59  Probe (Chrono Boost)  
  21  3:09  Probe (Chrono Boost)  
  22  3:20  Probe (Chrono Boost)  
  22  3:23  Stargate  
  23  3:41  Zealot  
  25  3:51  Pylon  
  24  4:05  Stargate  
  24  4:12  Void Ray  
  28  4:36  Pylon  
  28  4:49  Void Ray  
  31  5:16  Void Ray  
  35  5:28  Nexus  
  35  5:34  Photon Cannon  
  35  5:38  Photon Cannon  
  35  5:51  Void Ray  
  39  6:11  Void Ray  
  43  6:22  Photon Cannon  
  43  6:39  Void Ray  
  47  8:23  Probe (Chrono Boost)  
  48  8:28  Void Ray x2  
  48  8:33  Probe (Chrono Boost)  
  57  8:44  Probe (Chrono Boost)  
  58  8:54  Probe (Chrono Boost)  
  51  9:05  Probe (Chrono Boost)  
  44  9:11  Phoenix  
  44  9:12  Phoenix  
  40  10:28  Void Ray  
  40  10:29  Void Ray  
Show
View Real Time Build Order
Export as new Build Order

Loken Zerg - Winner!

Build Orders: Pool First 

Get SALT Encoding   

  12  0:02  Drone  
  13  0:10  Drone  
  14  0:20  Spawning Pool  
  13  0:24  Drone  
  14  0:30  Overlord  
  14  0:39  Extractor  
  14  0:41  Drone  
  14  0:51  Drone  
  14  0:52  Drone  
  16  1:12  Zergling x2  
  16  1:13  Zergling x2  
  16  1:14  Queen  
  20  1:20  Drone  
  21  1:37  Overlord  
  21  1:44  Zergling x2  
  22  1:55  Hatchery  
  22  1:57  Metabolic Boost  
  21  2:09  Zergling x2  
  21  2:10  Zergling x2  
  21  2:15  Queen  
  23  2:16  Hatchery  
  25  2:22  Zergling x2  
  25  2:27  Zergling x8  
  29  2:37  Overlord  
  29  3:08  Zergling x10  
  34  3:13  Queen  
  36  3:41  Drone x4  
  37  3:42  Drone x4  
  44  4:02  Zergling x2  
  45  4:03  Zergling x4  
  45  4:06  Zergling x2  
  45  4:07  Zergling x4  
  50  4:10  Overlord  
  50  4:13  Overlord  
  50  4:18  Lair  
  50  4:41  Drone x6  
  50  4:42  Drone x2  
  50  4:43  Zergling x10  
  54  5:18  Zergling x18  
  54  5:19  Zergling x4  
  54  5:20  Overlord  
  54  5:21  Overlord  
  57  5:51  Extractor  
  57  5:55  Spire  
  38  6:09  Zergling x2  
  38  6:10  Zergling x28  
  50  6:20  Overseer x2  
  50  6:21  Overseer  
  50  6:24  Pneumatized Carapace  
  50  6:30  Zergling x14  
  50  6:31  Zergling x8  
  61  6:45  Extractor  
  61  6:46  Extractor  
  59  6:48  Zergling x12  
  65  7:15  Zergling x12  
  66  7:16  Zergling x10  
  76  8:09  Overlord  
  76  8:10  Overlord x5  
  39  8:24  Mutalisk x5  
  39  8:25  Mutalisk x3  
  49  8:45  Hydralisk Den  
  49  8:47  Drone x5  
  51  9:19  Hydralisk x8  
  67  9:46  Zergling x2  
  67  9:47  Zergling x22  
  79  10:37  Zergling x16  
  79  10:38  Zergling x6  
  90  10:46  Hatchery  
Show
View Real Time Build Order
Export as new Build Order

Myran Protoss - Winner!

Build Orders:  

Get SALT Encoding   

  12  0:01  Probe (Chrono Boost)  
  13  0:11  Probe (Chrono Boost)  
  14  0:21  Pylon  
  15  0:28  Probe (Chrono Boost)  
  15  0:44  Forge  
  15  0:45  Probe (Chrono Boost)  
  16  0:55  Pylon  
  16  1:20  Probe (Chrono Boost)  
  17  1:30  Probe (Chrono Boost)  
  18  1:42  Probe (Chrono Boost)  
  18  1:48  Gateway x2  
  18  1:52  Probe (Chrono Boost)  
  18  1:53  Assimilator  
  19  1:58  Assimilator  
  19  2:09  Probe (Chrono Boost)  
  19  2:15  Nexus  
  20  2:30  Probe (Chrono Boost)  
  21  2:39  Cybernetics Core  
  21  2:41  Zealot  
  23  2:48  Pylon  
  23  2:51  Pylon  
  23  3:00  Assimilator  
  23  3:02  Assimilator  
  23  3:10  Zealot  
  25  3:15  Stalker  
  25  3:17  Warp Gate  
  25  3:18  Probe (Chrono Boost)  
  28  3:27  Probe (Chrono Boost)  
  29  3:37  Stalker, Probe (Chrono Boost)  
  32  3:45  Stalker  
  32  3:48  Probe (Chrono Boost)  
  35  3:53  Pylon, Probe (Chrono Boost)  
  36  3:58  Probe (Chrono Boost)  
  37  4:09  Stalker  
  39  4:15  Stalker  
  41  4:35  Pylon  
  41  4:37  Gateway  
  41  4:39  Gateway  
  41  4:42  Twilight Council  
  41  4:45  Stalker  
  43  4:46  Stalker  
  45  4:53  Pylon, Probe (Chrono Boost)  
  46  5:04  Probe (Chrono Boost)  
  47  5:14  Probe (Chrono Boost)  
  48  5:25  Probe (Chrono Boost)  
  50  5:35  Probe (Chrono Boost)  
  50  5:40  Stalker x3  
  50  5:41  Stalker  
  52  6:06  Stalker x2  
  52  6:07  Stalker  
  52  6:08  Stalker  
  60  6:15  Photon Cannon  
  60  6:17  Probe (Chrono Boost)  
  49  6:27  Probe (Chrono Boost)  
  49  6:30  Stalker  
  49  6:31  Stalker  
  44  6:32  Stalker  
  44  6:33  Stalker  
  44  6:38  Probe (Chrono Boost)  
  45  6:48  Probe (Chrono Boost)  
  44  6:57  Stalker x4  
  44  6:59  Probe (Chrono Boost)  
  47  7:05  Photon Cannon  
  45  7:10  Probe (Chrono Boost)  
  45  7:13  Blink  
  46  7:21  Probe (Chrono Boost)  
  43  7:31  Probe (Chrono Boost)  
  28  7:46  Stalker x3  
  28  7:47  Stalker  
  36  8:08  Nexus  
  36  8:09  Probe (Chrono Boost)  
  36  8:11  Protoss Ground Weapons Level 1  
  37  8:13  Stalker x3  
  37  8:14  Stalker  
  37  8:19  Probe (Chrono Boost)  
  46  8:30  Probe (Chrono Boost)  
  47  8:37  Stalker x2  
  51  8:46  Pylon  
  22  9:11  Stalker  
  22  9:12  Stalker x3  
  30  9:21  Pylon  
  30  9:26  Probe (Chrono Boost)  
  31  9:39  Assimilator  
  31  9:53  Probe (Chrono Boost)  
  31  9:58  Assimilator  
  32  10:03  Probe (Chrono Boost)  
  34  10:14  Probe (Chrono Boost)  
  34  10:25  Nexus  
  34  10:32  Probe (Chrono Boost)  
  35  10:36  Probe (Chrono Boost)  
  35  10:42  Probe (Chrono Boost)  
  37  10:49  Stalker  
  39  10:53  Probe (Chrono Boost)  
  39  10:55  Probe (Chrono Boost)  
  41  11:06  Probe (Chrono Boost)  
  42  11:15  Probe (Chrono Boost)  
  42  11:17  Stalker  
  45  11:26  Probe (Chrono Boost)  
Show
View Real Time Build Order
Export as new Build Order

dallaskuken Protoss - Winner!

Build Orders:  

Get SALT Encoding   

  12  0:01  Probe (Chrono Boost)  
  13  0:11  Probe (Chrono Boost)  
  14  0:19  Pylon  
  14  0:25  Probe (Chrono Boost)  
  15  0:37  Gateway  
  15  0:41  Probe (Chrono Boost)  
  16  0:51  Probe (Chrono Boost)  
  16  0:56  Gateway  
  17  1:02  Probe (Chrono Boost)  
  18  1:05  Assimilator  
  18  1:13  Probe (Chrono Boost)  
  18  1:16  Pylon  
  19  1:26  Cybernetics Core  
  19  1:35  Pylon  
  19  1:37  Probe (Chrono Boost)  
  20  1:48  Assimilator, Probe (Chrono Boost)  
  21  2:03  Stalker  
  23  2:08  Stalker  
  23  2:12  Probe (Chrono Boost)  
  26  2:21  Warp Gate  
  26  2:22  Probe (Chrono Boost)  
  27  2:33  Probe (Chrono Boost)  
  27  2:34  Stalker  
  30  2:39  Stalker  
  30  2:44  Probe (Chrono Boost)  
  33  2:54  Pylon  
  33  2:58  Mothership Core (Chrono Boost)  
  35  3:07  Stalker  
  37  3:16  Stalker  
  39  3:33  Gateway  
  39  3:36  Gateway  
  39  4:09  Nexus  
  39  4:47  Stalker x4  
  47  4:59  Pylon  
  47  5:01  Pylon  
  47  5:03  Pylon  
  47  5:48  Stalker x4  
  55  6:09  Probe (Chrono Boost)  
  56  6:20  Probe (Chrono Boost)  
  56  6:22  Robotics Facility  
  57  6:30  Probe (Chrono Boost)  
  52  6:41  Probe (Chrono Boost)  
  29  7:20  Stalker  
  29  7:21  Stalker x3  
  37  7:23  Immortal  
  41  7:31  Probe (Chrono Boost)  
  40  8:01  Stalker x4  
  48  8:37  Probe (Chrono Boost)  
  48  8:39  Stalker x3  
  48  8:40  Stalker  
  57  8:45  Immortal  
  57  8:48  Probe (Chrono Boost)  
  62  8:58  Probe (Chrono Boost)  
  63  9:09  Probe (Chrono Boost)  
  64  9:14  Pylon  
  64  9:17  Pylon  
  64  9:24  Immortal  
  56  9:51  Stalker x4  
  64  10:08  Gateway  
  64  10:10  Gateway  
  64  10:12  Gateway  
  64  10:14  Gateway  
  56  10:44  Stalker  
  56  10:45  Stalker x3  
Tags
 
Add a new tag
Caveats
  • Supply blocks, unpowered buildings, or Contaminate may cause inaccurate times.
  • Supply counts are checked every 10 seconds.